 Dungeon Crawl Stone Soup version 0.18.1-48-g4cf74bf (webtiles) character file.

383 MistressOfTheDunes the Cutter (level 6, -3/48 HPs)
             Began as a Vampire Assassin on July 16, 2016.
             Was a High Priest of Jiyva.
             Slain by a centaur
             ... wielding a cursed +0 shortbow
              (4 damage)
             ... on level 6 of the Dungeon.
             The game lasted 00:08:31 (4290 turns).

MistressOfTheDunes the Cutter (Vampire Assassin)    Turns: 4290, Time: 00:08:31

Health: -3/48      AC:  8    Str: 11    XL:     6   Next: 47%
Magic:  15/15      EV: 12    Int: 10    God:    Jiyva [*****.]
Gold:   55         SH:  0    Dex: 20    Spells: 0 memorised, 5 levels left

rFire  . . .     SeeInvis +     a - +2 dagger
rCold  . . .     Gourm    .     c - +0 robe
rNeg   + . .     Faith    .     (no shield)
rPois  .         Spirit   .     p - +0 helmet
rElec  .         Dismiss  .     d - +0 cloak
rCorr  +         Reflect  .     o - +0 pair of gloves
SustAt .         Harm     .     i - +2 pair of boots
MR     .....                    (no amulet)
Stlth  +++.......               j - ring of loudness (curse)
                                n - ring of magical power

@: not resistant to hostile enchantments, fairly stealthy
A: fangs 3, hooves 1, see invisible, robust 1, unbreathing
a: Bat Form, Request Jelly, Jelly Paralyse, Slimify, Cure Bad Mutation, Renounce
Religion


You were on level 6 of the Dungeon.
You worshipped Jiyva.
Jiyva was extremely pleased with you.
You were not thirsty.

You visited 1 branch of the dungeon, and saw 6 of its levels.

You collected 190 gold pieces.
You spent 135 gold pieces at shops.


Innate Abilities, Weirdness & Mutations

You have razor-sharp teeth.
You have supernaturally acute eyesight.
You can survive without breathing.
You have large cloven feet.
You are robust (+10% HP).


   Skills:
 - Level 1.7 Fighting
 + Level 7.6 Short Blades
 - Level 1.5 Throwing
 - Level 1.1 Dodging
 - Level 5.8 Stealth


You had 5 spell levels left.
You didn't know any spells.

Inventory:

Hand Weapons
 a - a +2 dagger (weapon)
 b - a +0 blowgun
Missiles
 e - 8 poisoned needles
 f - 2 curare-tipped needles {=f}
Armour
 c - a +0 robe (worn)
 d - a +0 cloak (worn)
 i - a +2 pair of boots (worn)
 o - a +0 pair of gloves (worn)
 p - a +0 helmet (worn)
Jewellery
 j - a cursed ring of loudness (right hand)
 k - an uncursed ring of protection from cold
 n - a ring of magical power (left hand)
Scrolls
 g - 4 scrolls of remove curse
 l - 2 scrolls of immolation {unknown}
 m - a scroll of noise {unknown}
 q - 2 scrolls of fog
 r - a scroll of fear
 s - a scroll of amnesia
 t - a scroll of teleportation {@r4}
 u - a scroll of magic mapping

Dungeon Overview and Level Annotations

Branches:
Dungeon (6/15)             Temple (0/1) D:5

Altars:
Cheibriados
Pakellas
Ru
Trog
The Shining One
Jiyva

Shops:
D:5

? ▒.▒
▒▒▒▒▒▒▒......▒ ▒▒.▒
▒......▒ ▒▒..▒
▒......▒ ▒▒..▒▒
▒......▒
▒..▒▒▒▒▒▒▒▒
▒▒▒▒▒▒..
▒.........▒▒▒
........
▒............
.▒▒▒▒▒▒▒
▒.........▒ ...
▒▒▒▒▒...(Vc...▒ ▒▒▒
▒▒...▒..(.........
▒▒.......(......▒▒▒
.
▒......(...........
▒▒
▒...............▒▒▒
▒...............▒
▒▒..............▒
▒▒...▒...▒▒▒▒▒▒▒
▒▒▒▒▒▒▒▒▒


You could see a centaur.


Message History

* * * don't die
* * * You barely miss the centaur!
The centaur is moderately wounded!
The centaur hits you with a shortbow! * * * don't die
* * * You spit the centaur like a pig!
The centaur is heavily wounded!
The centaur hits you with a shortbow! * * * don't die
* * * You skewer the centaur but do no damage!
The centaur is heavily wounded!
The centaur hits you but does no damage!
You perforate the centaur but do no damage!
You bite the centaur!
The centaur is heavily wounded!
You spit the centaur like a pig!
The centaur is severely wounded!
The centaur hits you but does no damage!
You skewer the centaur like a kebab!
The centaur is severely wounded!
The centaur hits you with a shortbow! * * * don't die
* * * You barely miss the centaur!
The centaur is severely wounded!
The centaur hits you with a shortbow! * * * don't die
* * * You skewer the centaur like a kebab!
The centaur is almost dead!
The centaur hits you with a shortbow! rip

Action                   |  1- 3 |  4- 6 || total
-------------------------+-------+-------++-------
Melee: Dagger            |    64 |   226 ||   290
       Bite              |     7 |    24 ||    31
Invok: Request Jelly     |     1 |     8 ||     9
       Slimify           |       |     1 ||     1
 Abil: End Transformatio |       |     2 ||     2
       Bat Form          |       |     2 ||     2
  Use: Potion            |     3 |       ||     3
       Scroll            |       |     2 ||     2
 Stab: Sleeping          |    12 |     8 ||    20
Armor: Robe              |    19 |    58 ||    77
Dodge: Dodged            |    31 |   104 ||   135

Vault maps used:
D:1:      dpeg_arrival_round_b
D:2:      ecumenical_altar_1
D:3:      tso_altar, overflow_temple_1_default
D:4:      lemuel_doored_altar, first_bread
D:5:      minmay_opposing_rooms, lemuel_crystal_altar, temple_fountains,
          serial_shops, nicolae_shop_stone, uniq_menkaure
D:6:      grunt_pakellas_sulfur

Notes
Turn   | Place    | Note
--------------------------------------------------------------
     0 | D:1      | MistressOfTheDunes the Vampire Assassin began the quest for the Orb.
     0 | D:1      | Reached XP level 1. HP: 16/16 MP: 1/1
   223 | D:1      | Reached skill level 3 in Short Blades
   223 | D:1      | Reached XP level 2. HP: 21/22 MP: 2/2
   514 | D:2      | Found a faded altar to an unknown god.
   550 | D:2      | Became a worshipper of Jiyva Jokaidda the Shapeless
   550 | D:2      | Reached * piety under Jiyva
   550 | D:2      | yes
   550 | D:2      | YES
   757 | D:2      | Reached ** piety under Jiyva
   843 | D:2      | Reached XP level 3. HP: 27/27 MP: 3/3
  1244 | D:3      | Reached skill level 4 in Short Blades
  1248 | D:3      | Reached XP level 4. HP: 33/33 MP: 4/4
  1342 | D:3      | Reached skill level 5 in Short Blades
  1378 | D:3      | Reached *** piety under Jiyva
  1574 | D:3      | Found a glowing golden altar of the Shining One.
  1676 | D:3      | Gained mutation: You have large cloven feet. [Jiyva's grace]
  1791 | D:3      | Found a snail-covered altar of Cheibriados.
  1971 | D:4      | Reached **** piety under Jiyva
  2038 | D:4      | Reached XP level 5. HP: 25/38 MP: 5/5
  2120 | D:4      | HP: 2/38 [orc priest/divine providence (15)]
  2587 | D:4      | Found a bloodstained altar of Trog.
  2608 | D:4      | Gained mutation: You have hoof-like feet. [Jiyva's grace]
  2625 | D:4      | Reached skill level 6 in Short Blades
  3009 | D:4      | Noticed an ogre
  3094 | D:5      | Entered Level 5 of the Dungeon
  3287 | D:5      | Killed a centaur
  3291 | D:5      | Gained mutation: You are robust (+10% HP). [Jiyva's grace]
  3332 | D:5      | Killed an ogre
  3369 | D:5      | Noticed an ice beast
  3373 | D:5      | Found Kaadib's Magic Scroll Emporium.
  3452 | D:5      | Killed an ice beast
  3520 | D:5      | Bought a scroll of identify for 20 gold pieces
  3520 | D:5      | Bought a scroll of teleportation for 30 gold pieces
  3520 | D:5      | Bought a scroll of magic mapping for 35 gold pieces
  3520 | D:5      | Bought a scroll of fog for 20 gold pieces
  3520 | D:5      | Bought a scroll of remove curse for 30 gold pieces
  3600 | D:5      | Noticed Menkaure
  3603 | D:5      | Found a staircase to the Ecumenical Temple.
  3612 | D:5      | Killed Menkaure
  3828 | D:5      | Found a sacrificial altar of Ru.
  3941 | D:6      | Reached skill level 7 in Short Blades
  3941 | D:6      | Reached XP level 6. HP: 48/48 MP: 6/6
  3948 | D:6      | Found an oddly glowing altar of Pakellas.
  4092 | D:6      | Lost mutation: You have hoof-like feet. [Jiyva's grace]
  4129 | D:6      | Reached ***** piety under Jiyva
  4288 | D:6      | HP: 3/48 [centaur/shortbow (6)]
  4289 | D:6      | HP: 1/48 [centaur/shortbow (3)]
  4290 | D:6      | Slain by a centaur

Vanquished Creatures
  An ice beast (D:5)
  A giant frog (D:6)
  A crimson imp (D:6)
  A hound (D:4)
  An orc wizard (D:3)
  A worker ant (D:4)
  A worker ant zombie (D:6)
  4 gnolls (D:3)
  2 adders
  A shadow imp (D:5)
  An ooze (D:1)
  2 worms
  2 dart slugs (D:2)
  A giant gecko (D:5)
  8 orcs
  A ball python (D:4)
  4 bats
  7 giant cockroaches
  5 goblins
  A hobgoblin (D:1)
  4 jackals (D:3)
  3 quokkas
  2 giant newts
  5 kobolds
  A quokka skeleton (D:6)
  8 rats
69 creatures vanquished.

Vanquished Creatures (others)
  Menkaure (D:5)
  A necrophage (D:6)
  A centaur (D:5)
  An ogre (D:5)
  A crimson imp (D:5)
  7 jellies
  A hound (D:5)
  An orc priest (D:4)
  A giant frog skeleton (D:4)
  An iguana (D:5)
  2 orc wizards
  2 worker ants (D:5)
  A hound skeleton (D:6)
  A worker ant zombie (D:5)
  3 adders
  2 oozes
  2 worms
  A giant gecko (D:5)
  4 orcs
  A ball python (D:2)
  A bat (D:2)
  A giant cockroach (D:4)
  2 goblins
  A hobgoblin (D:2)
  5 jackals
  2 quokkas (D:5)
  A giant newt (D:3)
  3 kobolds
  2 quokka skeletons (D:5)
  A rat (D:2)
54 creatures vanquished.

Grand Total: 123 creatures vanquished
